[ PARTIDA AOE2 · #459747166 ]
Team RMIndostaníes vs Poles
[ ANÁLISIS DE REPETICIÓN · EXTRAÍDO DE LA PARTIDA GRABADA ]
Feudal
—
Castillos
—
Imperial
—
| APM promedio | 57.2 |
| APM pico | 84 |
| eAPM promedio | 10.6 |
| Aldeanos / militares | 8 / 0 |
Foco
⚔️ 0.0% · 🌾 100.0%
Feudal
—
Castillos
—
Imperial
—
| APM promedio | 17.2 |
| APM pico | 41 |
| eAPM promedio | 6.3 |
| Aldeanos / militares | 5 / 0 |
Foco
⚔️ 0.0% · 🌾 100.0%
Feudal
—
Castillos
—
Imperial
—
| APM promedio | 27.8 |
| APM pico | 34 |
| eAPM promedio | 7.8 |
| Aldeanos / militares | 7 / 0 |
Foco
⚔️ 0.0% · 🌾 100.0%
Feudal
—
Castillos
—
Imperial
—
| APM promedio | 34.5 |
| APM pico | 38 |
| eAPM promedio | 6.7 |
| Aldeanos / militares | 5 / 0 |
Foco
⚔️ 0.0% · 🌾 100.0%
Feudal
—
Castillos
—
Imperial
—
| APM promedio | 38.0 |
| APM pico | 58 |
| eAPM promedio | 9.0 |
| Aldeanos / militares | 7 / 0 |
Foco
⚔️ 0.0% · 🌾 100.0%
Feudal
—
Castillos
—
Imperial
—
| APM promedio | 32.9 |
| APM pico | 56 |
| eAPM promedio | 5.9 |
| Aldeanos / militares | 4 / 0 |
Foco
⚔️ 0.0% · 🌾 100.0%
Feudal
—
Castillos
—
Imperial
—
| APM promedio | 18.4 |
| APM pico | 47 |
| eAPM promedio | 8.2 |
| Aldeanos / militares | 5 / 0 |
Foco
⚔️ 0.0% · 🌾 100.0%
Feudal
—
Castillos
—
Imperial
—
| APM promedio | 61.9 |
| APM pico | 67 |
| eAPM promedio | 14.1 |
| Aldeanos / militares | 8 / 0 |
Foco
⚔️ 3.2% · 🌾 96.8%
Mapa de la partida
Recursos al inicio + cada clic de construcción. Línea gruesa = muro · recuadro discontinuo = muro de casas detectado. 🟡 oro · ⚪ piedra · 🟢 bayas · 🔶 jabalí · ⭕ reliquia
Tu base
Base de jasem-1970
Base de GenosseFelix
Base de martin1215
Base de Tobunga
Base de ReeZa
Base de Q8.Rasheed2
Base de Mebossmer
Terreno con relieve · ⚠ = hueco de muro detectado · pasá el cursor para detalles
Inputs por minuto
— Spongeleon ッ - - jasem-1970
Build order — Spongeleon ッ
11 acciones detectadas en el replay
| 0:01 | Crear | Villager (Male) |
| 0:01 | Crear | Villager (Male) |
| 0:01 | Crear | Villager (Male) |
| 0:02 | Crear | Villager (Male) |
| 0:03 | Construir | House |
| 0:04 | Construir | House |
| 1:19 | Crear | Villager (Male) |
| 1:41 | Crear | Villager (Male) |
| 1:50 | Construir | Lumber Camp |
| 2:07 | Crear | Villager (Male) |
| 2:30 | Crear | Villager (Male) |
Build order — jasem-1970
7 acciones detectadas en el replay
| 0:02 | Crear | Villager (Male) |
| 0:02 | Crear | Villager (Male) |
| 0:02 | Crear | Villager (Male) |
| 0:02 | Crear | Villager (Male) |
| 0:02 | Crear | Villager (Male) |
| 0:06 | Construir | House |
| 0:11 | Construir | House |
Build order — GenosseFelix
10 acciones detectadas en el replay
| 0:01 | Crear | Villager (Male) |
| 0:01 | Crear | Villager (Male) |
| 0:01 | Crear | Villager (Male) |
| 0:02 | Crear | Villager (Male) |
| 0:03 | Construir | House |
| 0:05 | Construir | House |
| 1:34 | Crear | Villager (Male) |
| 1:47 | Construir | Lumber Camp |
| 2:03 | Crear | Villager (Male) |
| 2:24 | Crear | Villager (Male) |
Build order — martin1215
10 acciones detectadas en el replay
| 0:01 | Crear | Villager (Male) |
| 0:10 | Investigar | Loom |
| 0:11 | Crear | Villager (Male) |
| 0:11 | Crear | Villager (Male) |
| 0:11 | Crear | Villager (Male) |
| 0:18 | Construir | House |
| 0:19 | Construir | House |
| 0:20 | Construir | House |
| 0:21 | Construir | House |
| 1:53 | Crear | Villager (Male) |
Build order — Tobunga
10 acciones detectadas en el replay
| 0:01 | Crear | Villager (Male) |
| 0:01 | Crear | Villager (Male) |
| 0:01 | Crear | Villager (Male) |
| 0:03 | Construir | House |
| 0:04 | Construir | House |
| 0:58 | Crear | Villager (Male) |
| 1:25 | Crear | Villager (Male) |
| 1:59 | Crear | Villager (Male) |
| 2:20 | Construir | Lumber Camp |
| 2:25 | Crear | Villager (Male) |
Build order — ReeZa
4 acciones detectadas en el replay
| 0:02 | Construir | House |
| 0:04 | Construir | House |
| 0:09 | Crear | Villager (Male) ×4 |
| 0:35 | Investigar | Loom |
Build order — Q8.Rasheed2
7 acciones detectadas en el replay
| 0:03 | Crear | Villager (Male) |
| 0:03 | Crear | Villager (Male) |
| 0:03 | Crear | Villager (Male) |
| 0:03 | Crear | Villager (Male) |
| 0:03 | Crear | Villager (Male) |
| 0:05 | Construir | House |
| 0:07 | Construir | House |
Build order — Mebossmer
7 acciones detectadas en el replay
| 0:02 | Construir | House |
| 0:03 | Construir | House |
| 0:12 | Crear | Villager (Male) ×4 |
| 1:39 | Crear | Villager (Male) |
| 1:49 | Crear | Villager (Male) |
| 2:24 | Crear | Villager (Male) |
| 2:25 | Crear | Villager (Male) |
Cronología de la partida
| 0:48 | Q8.Rasheed2 · resign |
[ ANÁLISIS IA · 1 CRÉDITO ]
¿Qué pasó realmente en esta partida?
Wolo.gg analiza cada decisión: build order, eco, micro, errores típicos por bracket. Análisis personalizado por WhatsApp o Discord en 30 segundos.
Guía civ
Indostaníes
Guía mapa
Arena
Perfil
Spongeleon ッ